 Dungeon Crawl Stone Soup version 0.29.0-4-gdea44cf6ec (webtiles) character file.

Game seed: 2101599665074604608

42 qw the Chopper (level 3, -2/21 HPs)
             Began as a Tengu Warper on Aug 28, 2022.
             Slain by a gnoll
             ... wielding a +0 halberd
              (9 damage)
             ... on level 2 of the Dungeon.
             The game lasted 00:00:06 (1364 turns).

qw the Chopper (Tengu Warper)                       Turns: 1364, Time: 00:00:06

Health: -2/21      AC:  8    Str: 13    XL:     3   Next: 56%
Magic:  7/7        EV: 11    Int: 13    God:
Gold:   96         SH:  0    Dex: 13    Spells: 6/6 levels left

rFire   . . .      SeeInvis .   Y - +0 hand axe
rCold   . . .      Faith    .   (no shield)
rNeg    . . .      Spirit   .   g - +0 ring mail
rPois   .          Reflect  .   (helmet restricted)
rElec   .          Harm     .   (no cloak)
rCorr   .          Rampage  .   j - +2 pair of gloves
Will    .....                   (boots unavailable)
Stlth   +.........              (no amulet)
HPRegen 0.07/turn               (no ring)
MPRegen 0.10/turn               (no ring)

@: no status effects
A: beak, talons 3
a: no special abilities


You were on level 2 of the Dungeon.
You visited 1 branch of the dungeon, and saw 2 of its levels.

You collected 96 gold pieces.


Innate Abilities, Weirdness & Mutations

You have a beak for a mouth.
You have claws for feet.


   Skills:
 - Level 2.0 Fighting
 + Level 4.2 Axes
 - Level 1.0 Throwing
 - Level 1.1 Armour
 - Level 2.1 Dodging
 - Level 2.0 Spellcasting
 - Level 2.4 Translocations


You had 6 spell levels left.
You didn't know any spells.
Your spell library contained the following spells:

 Spells                   Type           Power      Damage    Failure   Level
 Blink                    Tloc           14%        N/A       30%         2
 Gell's Gravitas          Tloc           7%         N/A       52%         3
 Lesser Beckoning         Tloc           7%         N/A       52%         3
 Teleport Other           Tloc           7%         N/A       52%         3
 Manifold Assault         Tloc           7%         N/A       99%         5

Inventory:

Hand Weapons
 f - a +0 club
 Y - a +0 hand axe (weapon)
Armour
 g - a +0 ring mail (worn)
 j - a +2 pair of gloves (worn)
Potions
 e - 2 potions of curing {unknown}
 h - a potion of brilliance {unknown}

Dungeon Overview and Level Annotations

Branches:
Dungeon (2/15)

Altars:

Shops:
D:1 :


Message History

The endoplasm completely misses you.
You hit the endoplasm.
The endoplasm is heavily wounded.
The endoplasm freezes you.
You are frozen.
You hit the endoplasm.
You kill the endoplasm!
You start resting.
HP restored.
Found a stone staircase leading down.
A dart slug comes into view.
Found 16 gold pieces.
The dart slug launches a dart at you. The slug dart misses you.
The dart slug launches a dart at you.
The slug dart hits you but does no damage.
A gnoll comes into view. It is wielding a +0 club.
The gnoll shouts!
You hear a shout!
You slash the dart slug! You claw the dart slug.
You kill the dart slug!
Your Axes skill increases to level 4!
A gnoll comes into view. It is wielding a +0 halberd.
1359 ||| Stepping ~*~*~tactically~*~*~ (stealth).
A gnoll comes into view. It is wielding a +0 spear.
The gnoll shouts!
You see here a dart slug corpse.
The gnoll hits you but does no damage.
You hit the gnoll but do no damage. You claw the gnoll.
The gnoll is lightly wounded.
The gnoll hits you with a +0 club.
You slash the gnoll! You claw the gnoll.
You kill the gnoll!
The gnoll hits you from afar with a +0 halberd.
The gnoll hits you with a +0 halberd!
Ouch! That really hurt!
You see here a +0 club.
You completely miss the gnoll. You claw the gnoll, but do no damage.
Your peck misses the gnoll. You hit the gnoll but do no damage.
The gnoll hits you with a +0 halberd!
You die...

##..## # ###.... .
.....# .# # #...#
#.#.#.
##...####......
##....#..g.....#
##......)@#..#
#.#####......%..g..#
#...............#..#
#####..%#.>.##.#...#
#...##...........
#...##.#####..###.
##.###$# ..# # #.#
#.# ..# #.# #.#
##..#


You could see 2 gnolls.

Vanquished Creatures
  A gnoll (D:2)
  A worm (D:2)
  2 dart slugs
  5 ball pythons (D:1)
  4 endoplasms
  A giant cockroach (D:2)
  A goblin (D:1)
  A hobgoblin (D:1)
  3 kobolds (D:1)
  2 bats (D:1)
  2 frilled lizards (D:1)
  A rat (D:2)
24 creatures vanquished.

Notes
Turn   | Place    | Note
-------+----------+-------------------------------------------
     0 | D:1      | qw the Tengu Warper began the quest for the Orb.
     0 | D:1      | Reached XP level 1. HP: 12/12 MP: 4/4
     0 | D:1      | 0 ||| qw: Version: 0.1-a-89-g26bdef1
     0 | D:1      | 0 ||| qw: Game counter: 1515
     0 | D:1      | 0 ||| qw: Always use a shield: true
     0 | D:1      | 0 ||| qw: God list: Okawaru
     0 | D:1      | 0 ||| qw: Allow faded altars: false
     0 | D:1      | 0 ||| qw: Do Orc after D:15 true
     0 | D:1      | 0 ||| qw: Do second Lair branch before Depths: true
     0 | D:1      | 0 ||| qw: Lair rune preference: random
     0 | D:1      | 0 ||| qw: Plans: Normal
     0 | D:1      | 0 ||| PLANNING D:1-11
    32 | D:1      | Found Viamp's Book Boutique.
   177 | D:1      | Reached XP level 2. HP: 17/17 MP: 6/6
   186 | D:1      | Reached skill level 3 in Axes
   295 | D:1      | 295 ||| Stepping ~*~*~tactically~*~*~ (hiding).
   397 | D:1      | 397 ||| Stepping ~*~*~tactically~*~*~ (hiding).
   499 | D:1      | 499 ||| Stepping ~*~*~tactically~*~*~ (hiding).
   601 | D:1      | 601 ||| Stepping ~*~*~tactically~*~*~ (hiding).
  1156 | D:1      | Found a faded altar of an unknown god.
  1187 | D:1      | 1187 ||| UPGRADING to +0 ring mail.
  1197 | D:1      | 1197 ||| DROPPING +0 leather armour.
  1198 | D:1      | 1198 ||| UPGRADING to +2 pair of gloves.
  1203 | D:1      | 1203 ||| DROPPING amulet of faith.
  1204 | D:1      | 1204 ||| READING scroll labelled SAAS YVYUMIOHU.
  1205 | D:1      | 1205 ||| DROPPING scroll of blinking.
  1222 | D:2      | Reached XP level 3. HP: 21/21 MP: 7/7
  1358 | D:2      | Reached skill level 4 in Axes
  1359 | D:2      | 1359 ||| Stepping ~*~*~tactically~*~*~ (stealth).
  1364 | D:2      | Slain by a gnoll

Levels and vault maps discovered:
D:1:      dpeg_arrival_erosion, layout_basic, serial_shops,
          nicolae_diamond_shop, hellmonk_ecumenical_altar_inner_sanctum,
          chequers_garden
D:2:      layout_loops_ring

Skill      XL: |  1  2  3 |
---------------+----------+-----
Axes           | 3 4 |  4.2
Fighting       | |  2.0
Throwing       | |  1.0
Armour         | |  1.1
Dodging        | |  2.1
Spellcasting   | |  2.0
Translocations | |  2.4

Action                   || total
-------------------------++-------
Melee: Hand axe          ||    48
       Peck              ||     8
       Kick              ||    13
Throw: Boomerang         ||     7
  Use: Scroll            ||     1
Armor: Leather armour    ||     7
       Ring mail         ||     6
Dodge: Dodged            ||    16

Table legend:
 A = Non-vault XP
 B = Vault XP
 C = Vault XP percentage of total XP
 D = Non-vault monster count
 E = Vault monster count
 F = Vault count percentage of total count
                 A         B        C        D         E       F
            +---------+---------+-------+---------+---------+-------
      Total |      61 |       0 |   0.0 |      24 |       0 |   0.0
            +---------+---------+-------+---------+---------+-------
        D:1 |      33 |       0 |   0.0 |      18 |       0 |   0.0
        D:2 |      28 |       0 |   0.0 |       6 |       0 |   0.0
            +---------+---------+-------+---------+---------+-------
